 Dungeon Crawl Stone Soup version 0.31.0-9-g3a7656b989 (webtiles) character file.

Game seed: 1818719412892338257

397 Killerpretzel the Digger (level 6, -3/32 HPs)
             Began as a Gargoyle Earth Elementalist on Jan 25, 2024.
             Slain by a phantom (5 damage)
             ... on level 4 of the Dungeon.
             The game lasted 00:14:17 (3278 turns).

Killerpretzel the Digger (GrEE)                     Turns: 3278, Time: 00:14:17

Health: -3/32      AC:  6    Str: 12    XL:     6   Next: 83%
Magic:  9/12       EV: 11    Int: 23    God:
Gold:   155        SH:  0    Dex: 10    Spells: 9/13 levels left

rFire   . . .        d - +0 short sword
rCold   . . .        (no shield)
rNeg    + + .        a - +0 robe
rPois   ∞            (no helmet)
rElec   +            (no cloak)
rCorr   .            (no gloves)
SInv    .            (no boots)
Will    .....        (no amulet)
Stlth   ++           g - +6 ring of intelligence
HPRegen 0.25/turn    j - ring of positive energy
MPRegen 0.13/turn

%: no passive effects
@: no status effects
A: sickness immunity, AC +4, negative energy resistance 1, electricity
resistance, torment resistance 1, petrification resistance
a: no special abilities


You were on level 4 of the Dungeon.
You visited 1 branch of the dungeon, and saw 5 of its levels.

You collected 155 gold pieces.

Inventory:

Hand Weapons
 c - a +0 hand axe
 d - a +0 short sword (weapon)
 i - a +4 dagger
Armour
 a - a +0 robe (worn)
Jewellery
 g - a +6 ring of intelligence (left hand)
 j - a ring of positive energy (right hand)
Scrolls
 h - a scroll of enchant weapon {unknown}
 k - 4 scrolls of identify {unknown}
 m - 3 scrolls of teleportation {unknown}
 n - a scroll of fog {unknown}
 o - a scroll of torment {unknown}
 t - a scroll of noise {unknown}
Potions
 e - 2 potions of might {unknown}
 f - 3 potions of degeneration {unknown}
 l - a potion of mutation {unknown}
 p - a potion of curing {unknown}
 q - 2 potions of heal wounds {unknown}
 r - a potion of cancellation {unknown}
 s - a potion of haste {unknown}


   Skills:
 - Level 1.5 Dodging
 - Level 2.1 Stealth
 * Level 4.1 Spellcasting
 * Level 4.2 Conjurations
 * Level 5.9 Earth Magic


You had 9 spell levels left.
You knew the following spells:

 Your Spells              Type           Power      Damage    Failure   Level
a - Sandblast             Erth           62%        2d14      1%          1
b - Stone Arrow           Conj/Erth      56%        3d10      3%          3

Your spell library contained the following spells:

 Spells                   Type           Power      Damage    Failure   Level
 Passwall                 Erth           31%        N/A       2%          3
 Brom's Barrelling Bould  Conj/Erth      28%        2d5       13%         4
 Lesser Beckoning         Tloc           8%         N/A       16%         2
 Gell's Gravitas          Tloc           4%         N/A       30%         3
 Teleport Other           Tloc           4%         N/A       30%         3
 Petrify                  Alch/Erth      18%        N/A       30%         4


Dungeon Overview and Level Annotations

Branches:
Dungeon (5/15)
 Temple: D:4-7

Altars:


Innate Abilities, Weirdness & Mutations

You are immune to sickness and miasma.
Your stone body is resilient. (AC +4)
You are immune to poison.
You resist negative energy. (rN+)
You are resistant to electric shocks. (rElec)
You are resistant to unholy torment.
You are immune to petrification.


Message History

The phantom is heavily damaged.
The phantom hits you.
* * * LOW HITPOINT WARNING * * *
The phantom blinks!
You blink.
There are monsters nearby!
Magic courses through your body. The phantom closely misses you.
Casting: Sandblast (safe; 1% risk of failure)
Confirm with . or Enter, or press ? or * to list all spells.
Aiming: Sandblast (safe; 1% risk of failure)
Press: ? - help, Shift-Dir - straight line, f/p - phantom
Aim: a phantom (heavily damaged, 78% to hit)
The blast of sand hits the phantom.
The phantom is severely damaged.
The phantom misses you. The kobold hits you but does no damage.
The phantom hits you but does no damage.
There are monsters nearby!
Casting: Sandblast (safe; 1% risk of failure)
Confirm with . or Enter, or press ? or * to list all spells.
Aiming: Sandblast (safe; 1% risk of failure)
Press: ? - help, Shift-Dir - straight line, f/p - phantom
Aim: a phantom (severely damaged, 78% to hit)
The blast of sand misses the phantom.
The kobold closely misses you. The phantom barely misses you.
The kobold hits you but does no damage. x2
There are monsters nearby!
Casting: Sandblast (safe; 1% risk of failure)
Confirm with . or Enter, or press ? or * to list all spells.
Aiming: Sandblast (safe; 1% risk of failure)
Press: ? - help, Shift-Dir - straight line, f/p - phantom
Aim: a phantom (severely damaged, 78% to hit)
The blast of sand hits the phantom.
The phantom is severely damaged.
The giant cockroach bites you but does no damage.
The kobold hits you with a +0 dagger.
* * * LOW HITPOINT WARNING * * *
The phantom hits you but does no damage.
The kobold hits you with a +0 short sword.
* * * LOW HITPOINT WARNING * * *
The giant cockroach completely misses you.
The kobold hits you but does no damage. The phantom hits you.
You die...

#### ...#
....#
####....#
###.......##
#...>.......
#.#.......##
#..W#B......
#.@K#.......
#.BK.......#
##.....#'#.#
#......#.# #
#.###..# .
#. ..# ##
###


You could see a phantom, a giant cockroach and 2 kobolds.

Vanquished Creatures
  A black bear (D:4)
  3 scorpions (D:5)
  4 gnolls (D:5)
  2 adders
  3 dart slugs
  A ribbon worm (D:2)
  9 endoplasms
  2 giant cockroaches (D:1)
  5 goblins
  6 hobgoblins
  4 jackals (D:1)
  10 kobolds
  2 quokkas (D:1)
  3 ball pythons
  4 bats
  5 frilled lizards
  6 rats
70 creatures vanquished.

Notes
Turn   | Place    | Note
-------+----------+-------------------------------------------
     0 | D:1      | Killerpretzel the Gargoyle Earth Elementalist began the
                  | quest for the Orb.
     0 | D:1      | Reached XP level 1. HP: 10/10 MP: 3/3
   121 | D:1      | Reached XP level 2. HP: 15/15 MP: 0/5
   416 | D:1      | Reached skill level 4 in Earth Magic
   611 | D:1      | Reached XP level 3. HP: 19/19 MP: 3/6
   612 | D:1      | Found a faded altar of an unknown god.
  1782 | D:2      | Reached XP level 4. HP: 23/24 MP: 3/8
  2914 | D:4      | Noticed a black bear
  2921 | D:4      | Killed a black bear
  2922 | D:4      | Reached skill level 5 in Earth Magic
  2922 | D:4      | Reached XP level 5. HP: 28/28 MP: 5/10
  2978 | D:4      | You fall into a shaft and drop 1 floor!
  2978 | D:5      | Entered Level 5 of the Dungeon
  3007 | D:5      | Reached XP level 6. HP: 26/32 MP: 1/11
  3011 | D:5      | Learned a level 3 spell: Stone Arrow
  3278 | D:4      | Slain by a phantom

Illustrated notes

Levels and vault maps discovered:
D:1:      dpeg_arrival_another_circle, layout_basic,
          shapermc_ecumenical_altar_totnotflames
D:2:      layout_rooms
D:3:      layout_basic
D:4:      layout_basic, kennysheep_boxes
D:5:      layout_rooms, kennysheep_mini, nicolae_ashenzari_panopticon,
          cheibrodos_sewer_entry_bend, serial_shops, shop,
          uniq_crazy_yiuf_cottage, uniq_sigmund

Skill      XL: |  1  2  3  4  5  6 |
---------------+-------------------+-----
Earth Magic    | 4 5 |  5.9
Conjurations   | 2 3 4 |  4.2
Spellcasting   | 3 4 |  4.1
Dodging        | |  1.5
Stealth        | |  2.1

Action                     |  1- 3 |  4- 6 || total
---------------------------+-------+-------++-------
  Melee: Unarmed           |    11 |       ||    11
         Short sword       |       |    10 ||    10
   Cast: Sandblast         |    63 |    44 ||   107
         Stone Arrow       |       |     7 ||     7
    Use: Potion            |       |     1 ||     1
 Armour: Robe              |    19 |    37 ||    56
  Dodge: Dodged            |    12 |    19 ||    31
